 Dungeon Crawl Stone Soup version 0.29-a0-824-gd827844252 (webtiles) character file.

Game seed: 11215175445303467773

7713 coolguy69 the Severer (level 11, 0/85 HPs)
             Began as a Hill Orc Fighter on July 10, 2022.
             Was the Champion of Okawaru.
             Slain by an enormous slime creature (30 damage)
             ... on level 12 of the Dungeon.
             The game lasted 00:10:26 (11771 turns).

coolguy69 the Severer (Hill Orc Fighter)           Turns: 11771, Time: 00:10:27

Health: 0/85       AC: 23    Str: 27    XL:     11   Next: 19%
Magic:  13/13      EV:  7    Int: 11    God:    Okawaru [******]
Gold:   626        SH:  0    Dex: 10    Spells: 10/10 levels left

rFire   + . .      SeeInvis .   O - +3 battleaxe
rCold   . . .      Faith    +   (shield currently unavailable)
rNeg    . . .      Spirit   .   t - +0 plate armour
rPois   .          Reflect  .   (no helmet)
rElec   +          Harm     .   g - +1 cloak "Buigh" {rElec rF+ Str+3 Int+3}
rCorr   .          Rampage  .   e - +0 pair of gloves
Will    .....                   (no boots)
Stlth   ..........              o - amulet of faith
HPRegen 0.24/turn               w - +4 ring of protection
MPRegen 0.13/turn               y - +4 ring of protection

@: no status effects
A: no striking features
a: Renounce Religion, Heroism, Finesse, Duel


You were on level 12 of the Dungeon.
You worshipped Okawaru.
Okawaru was exalted by your worship.
You visited 1 branch of the dungeon, and saw 12 of its levels.

You collected 626 gold pieces.

Inventory:

Hand Weapons
 O - a +3 battleaxe (weapon)
Armour
 e - a +0 pair of gloves (worn)
 g - the +1 cloak "Buigh" (worn) {rElec rF+ Str+3 Int+3}
   (You acquired it on level 10 of the Dungeon)

   Str:       It affects your strength (+3).
   Int:       It affects your intelligence (+3).
   rF:        It protects you from fire.
   rElec:     It insulates you from electricity.
 t - a +0 plate armour (worn)
Jewellery
 o - an amulet of faith (around neck)
 w - a +4 ring of protection (left hand)
 y - a +4 ring of protection (right hand)
 F - a +4 ring of evasion
 L - an amulet of reflection
 N - an amulet of regeneration
Wands
 d - a wand of charming (4)
 v - a wand of digging (7)
 B - a wand of roots (11)
 D - a wand of flame (3)
 J - a wand of mindburst (13)
Scrolls
 c - 3 scrolls of blinking {unknown}
 m - 6 scrolls of teleportation {unknown}
 n - 2 scrolls of immolation {unknown}
 p - a scroll of torment
 q - 3 scrolls of vulnerability {unknown}
 r - 2 scrolls of enchant armour
 s - 2 scrolls of magic mapping
 u - a scroll of noise {unknown}
 x - 2 scrolls of fear {unknown}
 A - a scroll of enchant weapon
 C - 2 scrolls of poison
 E - 2 scrolls of silence
 G - a scroll of amnesia {unknown}
Potions
 a - 2 potions of resistance {unknown}
 b - 7 potions of flight {unknown}
 f - a potion of brilliance
 h - 5 potions of curing {unknown}
 i - a potion of invisibility
 j - 5 potions of attraction {unknown}
 k - 3 potions of haste
 l - a potion of cancellation {unknown}
 z - a potion of lignification {unknown}
 H - a potion of ambrosia
 I - a potion of heal wounds
 K - a potion of magic {unknown}


   Skills:
 + Level 4.8 Fighting
 - Level 20.3 Axes
 + Level 4.8 Armour
 - Level 3.2 Shields
 * Level 3.1 Invocations


You had 10 spell levels left.
You didn't know any spells.
Your spell library contained the following spells:

 Spells                   Type           Power      Damage    Failure   Level
 Magic Dart               Conj           0%         1d3       99%         1
 Sandblast                Erth           0%         2d4       99%         1
 Passwall                 Tmut/Erth      0%         N/A       100%        2
 Sublimation of Blood     Necr           0%         N/A       100%        2
 Wereblood                Tmut           0%         N/A       100%        2
 Dazzling Flash           Conj/Hex       0%         N/A       100%        3
 Ignite Poison            Fire/Tmut/Pois 0%         N/A       100%        3
 Mephitic Cloud           Conj/Pois/Air  0%         N/A       100%        3
 Stone Arrow              Conj/Erth      0%         3d7       100%        3
 Iskenderun's Mystic Bla  Conj/Tloc      0%         2d3       100%        4
 Freezing Cloud           Conj/Ice/Air   0%         6-21      100%        5
 Starburst                Conj/Fire      0%         6d3       100%        6
 Summon Small Mammal      Summ           Unusable   N/A       N/A         1
 Call Imp                 Summ           Unusable   N/A       N/A         2
 Call Canine Familiar     Summ           Unusable   N/A       N/A         3
 Summon Guardian Golem    Hex/Summ       Unusable   N/A       N/A         3
 Summon Hydra             Summ           Unusable   N/A       N/A         7

Dungeon Overview and Level Annotations

Branches:
Dungeon (13/15)            Temple (0/1) D:6            Lair (0/6) D:10
    Orc: D:9-12      Vaults: D:13-14

Altars:
Dithmenos
Hepliaklqana
Makhleb
Nemelex Xobeh
Okawaru
Ru
Wu Jian
Yredelemnul
Zin

Shops:
D:5 (   D:7 =


Message History

You open the door.
There is an open door here.
Found a scale mail.
No target in view!
No target in view!
Found an escape hatch in the ceiling.
No target in view!
No target in view!
K - a white potion No target in view!
No target in view!
No target in view!
No target in view!
You open the door.
There is an open door here.
You now have 626 gold pieces (gained 9).
You open the door.
There is an open door here. 3 slime creatures come into view.
Found a tapered lead wand.
The slime creature quivers. x2
A slime creature comes into view.
The slime creature hits you but does no damage.
Two slime creatures merge to form a large slime creature.
Two slime creatures merge to form a very large slime creature.
Two slime creatures merge to form an enormous slime creature.
You slice the enormous slime creature!!
The enormous slime creature is lightly wounded.
The enormous slime creature hits you!!!
Ouch! That really hurt!
You are too injured to fight recklessly!
An enormous slime creature is nearby!
You are too injured to fight recklessly!
You are too injured to fight recklessly!
Unknown command.
A slime creature comes into view.
There is an open door here.
The enormous slime creature attacks as you move away!
The enormous slime creature hits you!!
You die...

#...#.##.#
#.........
###'##....#
#...######
#.........#
#.#.#
#.........#
#...#
#.........#
#...
#.....#####
#.....+
##.#..J#####
#.......@...#
#..#####....+
#.. #....#
#.. #.#..# #.
#....# #.....
#.##..# #..
...


You could see an enormous slime creature.

Vanquished Creatures
  A centaur warrior (D:13)
  3 deep elf pyromancers
  A cyclops (D:12)
  A troll (D:10)
  Prince Ribbit (D:7)
  Sigmund (D:6)
  Eustachio (D:6)
  3 wyverns
  A wraith (D:10)
  Menkaure (D:6)
  A water moccasin (D:8)
  4 orc warriors
  2 black bears
  An ice beast (D:7)
  3 centaurs
  2 ogres
  3 wolves (D:10)
  A phantom (D:7)
  2 kobold brigands
  3 gnoll sergeants
  3 bullfrogs
  3 necrophages
  2 scorpions
  5 wights (D:9)
  4 killer bees
  3 howler monkeys (D:9)
  3 electric eels (D:10)
  A jelly (D:5)
  10 hounds
  7 orc priests
  7 orc wizards
  An iguana (D:5)
  15 gnolls
  9 adders
  2 shadow imps (D:7)
  2 white imps
  2 ufetubi
  2 dart slugs
  36 orcs
  4 ball pythons
  12 bats
  9 endoplasms
  A giant cockroach (D:4)
  12 goblins
  9 hobgoblins
  17 kobolds
  5 quokkas
  5 frilled lizards
  6 rats
  A spectral orc (D:4)
234 creatures vanquished.

Vanquished Creatures (others)
  An orc wizard (D:9)
  18 plants
19 creatures vanquished.

Grand Total: 253 creatures vanquished

Notes
Turn   | Place    | Note
-------+----------+-------------------------------------------
     0 | D:1      | coolguy69 the Hill Orc Fighter began the quest for the Orb.
     0 | D:1      | Reached XP level 1. HP: 19/19 MP: 1/1
    37 | D:1      | Reached skill level 3 in Axes
   426 | D:1      | Reached XP level 2. HP: 26/26 MP: 2/2
   655 | D:1      | Reached skill level 4 in Axes
  1274 | D:1      | Reached XP level 3. HP: 25/31 MP: 3/3
  1504 | D:2      | Found a faded altar of an unknown god.
  1755 | D:2      | Reached skill level 5 in Axes
  1763 | D:2      | Reached XP level 4. HP: 9/39 MP: 4/4
  2245 | D:2      | Found a sacrificial altar of Ru.
  2297 | D:2      | Reached skill level 6 in Axes
  3005 | D:3      | Identified the +12 quarterstaff of Letsudwu {vorpal, rN+
                  | MP+9 Str+4}
  3036 | D:3      | Noticed a kobold brigand
  3040 | D:3      | Found a faded altar of an unknown god.
  3041 | D:3      | Found a hazy altar of Hepliaklqana.
  3051 | D:3      | Killed a kobold brigand
  3052 | D:3      | Reached skill level 7 in Axes
  3052 | D:3      | Reached XP level 5. HP: 32/45 MP: 5/5
  4215 | D:4      | Reached skill level 8 in Axes
  4215 | D:4      | Reached XP level 6. HP: 41/51 MP: 6/6
  4528 | D:4      | Found a basalt altar of Yredelemnul.
  4619 | D:5      | Entered Level 5 of the Dungeon
  4753 | D:5      | Reached skill level 9 in Axes
  4799 | D:5      | Reached XP level 7. HP: 57/57 MP: 7/7
  4805 | D:5      | Found an iron altar of Okawaru.
  4814 | D:5      | Became a worshipper of Warmaster Okawaru
  4910 | D:5      | Reached skill level 10 in Axes
  5356 | D:5      | Found Meofiwei's Weapon Shop.
  5413 | D:5      | Found a shadowy altar of Dithmenos.
  5759 | D:6      | Reached skill level 11 in Axes
  5892 | D:6      | Noticed Eustachio
  5902 | D:6      | Reached * piety under Okawaru
  5903 | D:6      | Reached XP level 8. HP: 38/64 MP: 8/8
  5963 | D:6      | Killed Eustachio
  5964 | D:6      | Reached skill level 12 in Axes
  6267 | D:6      | Found a staircase to the Ecumenical Temple.
  6344 | D:6      | Noticed Sigmund
  6354 | D:6      | Killed Sigmund
  6411 | D:6      | Noticed Menkaure
  6420 | D:6      | Killed Menkaure
  6421 | D:6      | Reached skill level 13 in Axes
  6422 | D:6      | Reached ** piety under Okawaru
  6664 | D:6      | Found a burning altar of Makhleb.
  7129 | D:7      | Reached skill level 14 in Axes
  7355 | D:7      | Reached XP level 9. HP: 70/70 MP: 9/9
  7462 | D:7      | Found Aryodas's Jewellery Shop.
  7519 | D:7      | Noticed Prince Ribbit
  7525 | D:7      | Killed Prince Ribbit
  7526 | D:7      | Reached skill level 15 in Axes
  7708 | D:7      | Found a sparkling altar of Nemelex Xobeh.
  7719 | D:7      | Reached *** piety under Okawaru
  8087 | D:8      | Reached skill level 16 in Axes
  8319 | D:8      | Found a glowing silver altar of Zin.
  8626 | D:8      | Reached skill level 17 in Axes
  9348 | D:8      | Reached XP level 10. HP: 68/77 MP: 10/10
  9493 | D:9      | Reached **** piety under Okawaru
  9747 | D:9      | Reached skill level 18 in Axes
 10462 | D:10     | Entered Level 10 of the Dungeon
 10463 | D:10     | Found an ornate altar of the Wu Jian Council.
 10723 | D:10     | Identified a scroll of acquirement
 10723 | D:10     | Acquired the +1 cloak "Buigh" {rElec rF+ Str+3 Int+3}
 10895 | D:10     | Found a staircase to the Lair.
 10907 | D:10     | Reached ***** piety under Okawaru
 10908 | D:10     | Reached skill level 19 in Axes
 10994 | D:10     | Noticed a deep elf pyromancer
 11013 | D:10     | Killed a deep elf pyromancer
 11242 | D:10     | You fall into a shaft and drop 3 floors!
 11244 | D:13     | Noticed a centaur warrior
 11254 | D:13     | Killed a centaur warrior
 11255 | D:13     | Reached skill level 20 in Axes
 11421 | D:13     | Noticed a deep elf pyromancer
 11421 | D:13     | Noticed a deep elf pyromancer
 11443 | D:13     | Reached XP level 11. HP: 40/83 MP: 8/11
 11443 | D:13     | Killed a deep elf pyromancer
 11443 | D:13     | Identified the +0 kite shield of Darol {rF+ Dex+3 Stlth+}
                  | (Okawaru gifted it to you on level 13 of the Dungeon)
 11443 | D:13     | Received a gift from Okawaru
 11449 | D:13     | Killed a deep elf pyromancer
 11482 | D:12     | Noticed a cyclops
 11489 | D:12     | Killed a cyclops
 11489 | D:12     | Reached ****** piety under Okawaru
 11771 | D:12     | Slain by an enormous slime creature

Illustrated notes

Levels and vault maps discovered:
D:1:      dpeg_arrival_stonehenge_8_columns, layout_basic
D:2:      kennysheep_big_flooded_room, layout_loops_ring, basic_altar,
          chequers_ecumenical_altar_grove, st_stairs_7, nicolae_grassy_gnolls
D:3:      cheibrodos_helix_gallery, layout_basic,
          beargit_hepliaklqana_dungeon_heroes
D:4:      layout_rooms, yredelemnul_forgotten_temple_becter
D:5:      layout_basic, lemuel_round_altar, mainiacjoe_overflow_boulevard,
          serial_shops, shop
D:6:      layout_basic, lightli_temple_of_fire, minmay_temple_entry_mini_moons,
          minmay_misc_feat_nine_boxes, uniq_menkaure, uniq_sigmund,
          uniq_eustachio
D:7:      layout_basic, nemelex_dance_club_becter, serial_shops,
          nicolae_stop_n_shop_2, uniq_prince_ribbit1
D:8:      layout_loops_corners, mainiacjoe_overflow_surrounded_room,
          minmay_stone_trees_small
D:9:      layout_cave_pools
D:10:     layout_irregular_city, nicolae_wu_jian_wuxing_cycle, erik_lair_island,
          minivault_16
D:12:     layout_stronghold, david_orc_1_choice
D:13:     layout_rooms

Skill      XL: |  1  2  3  4  5  6  7  8  9 10 11 |
---------------+----------------------------------+-----
Axes           | 3 4 5 7 8 9 11 14 17 20 | 20.3
Fighting       | 4 |  4.8
Armour         | 4 |  4.8
Invocations    | 3 |  3.1
Shields        | |  3.2

Action                   |  1- 3 |  4- 6 |  7- 9 | 10-12 || total
-------------------------+-------+-------+-------+-------++-------
Melee: War axe           |   117 |   199 |   350 |    65 ||   731
       Punch             |     1 |       |     3 |     2 ||     6
       Battleaxe         |       |       |       |    84 ||    84
Invok: Heroism           |       |       |     1 |     2 ||     3
  Use: Potion            |       |     1 |     1 |       ||     2
       Scroll            |       |       |     9 |     1 ||    10
Armor: Scale mail        |    67 |    54 |       |       ||   121
       Plate armour      |       |    68 |   304 |   105 ||   477
Dodge: Dodged            |    76 |    78 |   118 |    50 ||   322

Table legend: (Time is in decaauts)
 A = Elapsed time spent in this place.
 B = Non-inter-level travel time spent in this place.
 C = Inter-level travel time spent in this place.
 D = Time resting spent in this place.
 E = Time spent auto-exploring this place.
 F = Levels seen in this place.
 G = Mean time per level.
                   A        B        C        D        E       F      G
               +--------+--------+--------+--------+--------+-----+--------+
         Total |  11710 |  11503 |    207 |   1802 |   8074 |  12 |  975.8 |
       Dungeon |  11710 |  11503 |    207 |   1802 |   8074 |  12 |  975.8 |
               +--------+--------+--------+--------+--------+-----+--------+

Top non-repeatable levels by time:
     D:8: 1509 daAuts
     D:1: 1482 daAuts
     D:2: 1371 daAuts
     D:6: 1361 daAuts
     D:3: 1175 daAuts
     D:5: 1084 daAuts
     D:9: 979 daAuts
     D:7: 812 daAuts
    D:10: 768 daAuts
     D:4: 645 daAuts
    D:12: 286 daAuts
    D:13: 232 daAuts
